 Seeded DCSS version 0.29.1-15-g9cfb28693d (webtiles) character file.

Game seed: 8515177902725472229 (custom seed)

85197 bmack86 the Severer (level 15, -8/138 HPs)
             Began as a Minotaur Fighter on Apr 25, 2023.
             Was a High Priest of Okawaru.
             Mangled by a boulder beetle (21 damage)
             ... on level 14 of the Dungeon.
             The game lasted 00:52:15 (25446 turns).

bmack86 the Severer (Minotaur Fighter)             Turns: 25446, Time: 00:52:16

Health: -8/138     AC: 25    Str: 19    XL:     15   Next: 37%
Magic:  26/30      EV:  8    Int: 14    God:    Okawaru [*****.]
Gold:   830        SH: 19    Dex:  7    Spells: 14/14 levels left

rFire   + . .      SeeInvis +   A - +7 broad axe (flame)
rCold   + . .      Faith    .   K - +0 kite shield
rNeg    . . .      Spirit   .   W - +4 plate armour of the Monkey {rPois rF+}
rPois   +          Reflect  +   o - +2 hat {Will+}
rElec   +          Harm     .   S - +1 cloak of Boredom {rElec rC+}
rCorr   .          Rampage  .   R - +0 pair of gloves of Fuisch {rElec Str-5 Int+7 SInv}
Will    +++..                   g - +2 pair of boots {Stlth+}
Stlth   ..........              i - amulet "Ylussoc" {Reflect MP+9 Dex-5 Slay+5 SH+5}
HPRegen 0.33/turn               J - ring of willpower
MPRegen 0.22/turn               N - ring of flight

@: heroic, finesse-ful, marked, corroded, flying, studying 2 skills
A: horns 2, retaliatory headbutt
a: Renounce Religion, Heroism, Finesse, Duel


You were on level 14 of the Dungeon.
You worshipped Okawaru.
Okawaru was extremely pleased with you.
You visited 4 branches of the dungeon, and saw 21 of its levels.
You also visited: Volcano.

You collected 2668 gold pieces.
You spent 1838 gold pieces at shops.

Inventory:

Hand Weapons
 t - a +6 broad axe of chaos
 A - a +7 broad axe of flaming (weapon)
Missiles
 r - 7 throwing nets
 O - 3 boomerangs (quivered)
 V - 3 silver javelins
Armour
 g - a +2 pair of boots of stealth (worn)
 o - a +2 hat of willpower (worn)
 K - a +0 kite shield (worn)
 R - the +0 pair of gloves of Fuisch (worn) {rElec Str-5 Int+7 SInv}
   (You found it on level 2 of the Lair of Beasts)

   Str:       It affects your strength (-5).
   Int:       It affects your intelligence (+7).
   rElec:     It insulates you from electricity.
   SInv:      It lets you see invisible.
 S - the +1 cloak of Boredom (worn) {rElec rC+}
   (Okawaru gifted it to you in a volcano)

   rC:        It protects you from cold.
   rElec:     It insulates you from electricity.
 T - a +1 chain mail of fire resistance
 W - the +4 plate armour of the Monkey (worn) {rPois rF+}
   (You acquired it on level 4 of the Lair of Beasts)

   rF:        It protects you from fire.
   rPois:     It protects you from poison.
Jewellery
 i - the amulet "Ylussoc" (around neck) {Reflect MP+9 Dex-5 Slay+5 SH+5}
   (You bought it in a shop on level 7 of the Dungeon)

   [amulet of reflection]

   It reflects blocked missile attacks.
   Dex:       It affects your dexterity (-5).
   Slay:      It affects your accuracy & damage with ranged weapons and melee
   (+5).
   MP:        It affects your magic capacity (+9).
   SH:        It affects your SH (+5).
 s - the amulet of Zaujusock {RegenMP rElec rPois Will+ Int-5}
   (You acquired it on level 2 of the Dungeon)

   [amulet of magic regeneration]

   It increases your rate of magic regeneration.
   Int:       It affects your intelligence (-5).
   rElec:     It insulates you from electricity.
   rPois:     It protects you from poison.
   Will:      It increases your willpower.
 u - an amulet of the acrobat
 F - a ring of willpower
 J - a ring of willpower (left hand)
 N - a ring of flight (right hand)
 Q - a ring of ice
Wands
 b - a wand of flame (35)
 c - a wand of iceblast (25)
 l - a wand of mindburst (19)
 D - a wand of paralysis (19)
Scrolls
 a - 3 scrolls of identify
 k - 3 scrolls of blinking
 q - 12 scrolls of teleportation
 y - 4 scrolls of fear
 B - 4 scrolls of enchant armour
 E - 3 scrolls of magic mapping
 G - a scroll of poison
 P - 2 scrolls of immolation
Potions
 d - 3 potions of might
 e - 12 potions of curing
 f - 2 potions of cancellation
 h - 2 potions of brilliance
 j - 5 potions of heal wounds
 n - 4 potions of haste
 v - a potion of berserk rage
 w - 2 potions of magic
 C - a potion of ambrosia


   Skills:
 + Level 14.1(19.1) Fighting
 - Level 18.0(23.0) Axes
 - Level 10.0(15.0) Throwing
 + Level 14.0(19.0) Armour
 + Level 16.0(21.0) Shields
 + Level 10.3 Invocations


You had 14 spell levels left.
You didn't know any spells.
Your spell library contained the following spells:

 Spells                   Type           Power      Damage    Failure   Level
 Beastly Appendage        Tmut           0%         N/A       98%         1
 Necrotise                Necr           0%         1d4       98%         1
 Slow                     Hex            0%         N/A       98%         1
 Ensorcelled Hibernation  Hex/Ice        0%         N/A       99%         2
 Passwall                 Tmut/Erth      0%         N/A       99%         2
 Poisonous Vapours        Pois/Air       0%         N/A       99%         2
 Static Discharge         Conj/Air       0%         3-3/arc   99%         2
 Wereblood                Tmut           0%         N/A       99%         2
 Confusing Touch          Hex            0%         N/A       100%        3
 Inner Flame              Hex/Fire       0%         N/A       100%        3
 Portal Projectile        Hex/Tloc       0%         N/A       100%        3
 Spider Form              Tmut/Pois      0%         N/A       100%        3
 Swiftness                Air            0%         N/A       100%        3
 Vampiric Draining        Necr           0%         2d6       100%        3
 Cause Fear               Hex            0%         N/A       100%        4
 Corpse Rot               Necr/Pois/Air  0%         N/A       100%        4
 Leda's Liquefaction      Hex/Erth       0%         N/A       100%        4
 Olgreb's Toxic Radiance  Pois           0%         N/A       100%        4
 Passage of Golubria      Tloc           0%         N/A       100%        4
 Agony                    Necr           0%         N/A       100%        5
 Lightning Bolt           Conj/Air       0%         1d11      100%        5
 Silence                  Hex/Air        0%         N/A       100%        5
 Orb of Destruction       Conj           0%         9d5       100%        7
 Ozocubu's Refrigeration  Ice            0%         4d7       100%        7
 Borgnjor's Revivificati  Necr           0%         N/A       100%        8
 Discord                  Hex            0%         N/A       100%        8
 Ignition                 Fire           0%         3d3       100%        8
 Lehudib's Crystal Spear  Conj/Erth      0%         10d2      100%        8
 Maxwell's Capacitive Co  Air            0%         ∞         100%        8
 Necromutation            Tmut/Necr      0%         N/A       100%        8
 Chain Lightning          Conj/Air       0%         N/A       100%        9
 Death's Door             Necr           0%         N/A       100%        9
 Fire Storm               Conj/Fire      0%         5d1       100%        9
 Shatter                  Erth           0%         3d5*      100%        9
 Call Canine Familiar     Summ           Unusable   N/A       N/A         3
 Summon Guardian Golem    Hex/Summ       Unusable   N/A       N/A         3
 Spellforged Servitor     Conj/Summ      Unusable   N/A       N/A         7

Dungeon Overview and Level Annotations

Branches:
Dungeon (14/15)            Temple (1/1) D:7            Lair (5/5) D:10
  Swamp (0/4) Lair:3       Spider (0/4) Lair:2          Orc (1/2) D:10
 Vaults (0/5) D:14        Volcano (visited)
  Slime: Lair:4-5

Altars:
Ashenzari
Cheibriados
Elyvilon
Fedhas
Gozag
Hepliaklqana
Makhleb
Nemelex Xobeh
Okawaru
Trog
Uskayaw
Vehumet
Xom
Yredelemnul
Zin
The Shining One
Jiyva

Shops:
D:2 *   D:5 **   D:7 =   D:8 ?   Orc:1 (?=

Annotations:
D:12 3 runed translucent doors, Hacinufale's ghost, journeyman TrTm
D:14 Kirke
Lair:4 exclusion: 2 oklob plants


Innate Abilities, Weirdness & Mutations

You have a pair of horns on your head.
You reflexively headbutt those who attack you in melee.


Message History

Okawaru accepts your kill.
You closely miss the fire elemental.
You hit the boulder beetle but do no damage.
You hit the deep elf pyromancer. You burn the deep elf pyromancer.
The deep elf pyromancer hits you with a +0 dagger.
* * * LOW HITPOINT WARNING * * *
You block the boulder beetle's attack.
Unknown command.
You slice the fire elemental!!
The fire elemental is severely damaged.
You slash the boulder beetle! You burn the boulder beetle.
You slash the deep elf pyromancer! You burn the deep elf pyromancer.
You block the fire elemental's attack.
You slash the fire elemental!
You destroy the fire elemental!
The fire elemental disappears in a puff of smoke!
You hit the boulder beetle but do no damage.
You slash the deep elf pyromancer! You burn the deep elf pyromancer.
You kill the deep elf pyromancer!
Okawaru accepts your kill.
The fire elemental disappears in a puff of smoke!
The boulder beetle attacks as you move away!
You block the boulder beetle's attack.
The boulder beetle curls into a ball and begins rolling!
Kirke gestures at you while chanting. You resist with almost no effort.
You barely miss Kirke. You headbutt Kirke!
Kirke is lightly wounded.
Kirke gestures at you while chanting. You resist with almost no effort.
Unknown command.
You completely miss Kirke. Your headbutt misses Kirke.
Kirke is lightly wounded.
You hit the boulder beetle. You burn the boulder beetle.
Unknown command.
You hit Kirke. You burn Kirke.
Kirke is lightly wounded.
You hit the boulder beetle. You burn the boulder beetle.
The boulder beetle hits you!!
You die...

#.... #..#..
#)... #..#.
.....#..'.
....#..'
####''#..######
........°......
.......@.......
#######@)# +###
#....†)B†# ....
#.....)°.#.....
#.....#).#.....
#.....#†.#...(.
#∩....#..#..../
#######..######
#......#
#......#


You could see Kirke (invisible) and a boulder beetle (rolling).

Vanquished Creatures
  Rupert (D:13)
  Gastronok (D:8)
  An ironbound preserver (D:14)
  The ghost of Veeshiej the Spear-Bearer, a journeyman MiFi of Okawaru (Lair:4)
  Azrael (D:13)
  Snorg (Orc:1)
  A fire dragon (Lair:5)
  Harold (Lair:2)
  2 boulder beetles
  5 hydras
  A catoblepas (Lair:4)
  Fannar (Orc:1)
  An ogre mage (D:13)
  9 two-headed ogres
  5 centaur warriors
  Erica (D:8)
  3 tengu warriors (D:14)
  A hell knight (Volcano)
  3 lindwurms
  2 swamp dragons
  Pikel (D:8)
  3 deep elf pyromancers
  8 ugly things
  An orc sorcerer (Orc:1)
  A wolf spider (Lair:5)
  4 cyclopes
  4 manticores
  The ghost of Horez the Chopper, a novice DrBe of Trog (D:6)
  Maurice (D:13)
  Joseph (D:8)
  2 gargoyles
  A guardian serpent (Lair:5)
  3 elephants (Lair:4)
  12 black mambas
  14 cane toads
  2 torpor snails
  A kobold demonologist (D:12)
  2 unseen horrors (D:10)
  An unseen horror (shapeshifter) (D:13)
  Psyche (D:9)
  12 komodo dragons
  Maggie (D:10)
  An unseen horror zombie (D:9)
  5 rime drakes
  2 tengu conjurers (D:14)
  A yaktaur (Volcano)
  5 trolls
  3 polar bears
  A tarantella (Lair:4)
  3 hornets
  20 blink frogs
  Prince Ribbit (D:9)
  10 slime creatures
  A centaur simulacrum (D:14)
  3 shadows
  15 wyverns
  11 fire bats
  A vampire (D:10)
  2 wraiths
  3 hogs (D:14)
  45 yaks
  Grum (D:10)
  A redback (Lair:5)
  A hog (shapeshifter) (D:14)
  3 steam dragons
  9 vampire mosquitoes
  6 basilisks
  The ghost of Kranky the Cleaver, an amateur GnWn (D:4)
  A warg (Orc:1)
  3 acid dragons
  4 hell hounds (D:13)
  22 water moccasins
  3 ice beasts
  2 swamp drakes (Lair:5)
  8 orc warriors
  2 black bears (Lair:3)
  7 wolves
  18 centaurs
  4 ogres
  2 lemures (D:8)
  5 bullfrogs
  A wyvern zombie (D:9)
  A gnoll sergeant (D:9)
  4 scorpions
  7 wights
  12 killer bees
  3 electric eels (D:8)
  7 lava snakes (Volcano)
  3 jellies
  A hound (D:7)
  7 orc priests
  3 gnoll boudas
  10 iguanas
  13 orc wizards
  18 gnolls
  5 adders
  10 river rats (D:6)
  2 white imps
  2 ufetubi
  2 worms (Lair:2)
  3 dart slugs
  53 orcs
  5 ball pythons
  5 bats
  3 endoplasms
  6 giant cockroaches
  7 goblins
  7 hobgoblins
  5 jackals (D:2)
  7 quokkas
  5 frilled lizards
  4 kobolds
  23 rats
599 creatures vanquished.

Vanquished Creatures (others)
  An iguana (Lair:5)
  47 fungi
  87 plants
135 creatures vanquished.

Grand Total: 734 creatures vanquished

Notes
Turn   | Place    | Note
-------+----------+-------------------------------------------
     0 | D:1      | bmack86 the Minotaur Fighter began the quest for the Orb.
     0 | D:1      | Reached XP level 1. HP: 19/19 MP: 0/0
   211 | D:1      | Reached XP level 2. HP: 24/27 MP: 1/1
   295 | D:1      | Reached skill level 3 in Axes
   418 | D:1      | Identified a scroll of acquirement
   418 | D:1      | Acquired a +2 pair of boots of stealth
   937 | D:2      | Reached XP level 3. HP: 33/33 MP: 2/2
  1144 | D:2      | HP: 1/33 [gnoll/+0 spear (2)]
  1147 | D:2      | Reached XP level 4. HP: 2/40 MP: 3/3
  1435 | D:2      | Acquired 864 gold pieces
  1437 | D:2      | Acquired a +2 broad axe of freezing
  1440 | D:2      | Acquired the amulet of Zaujusock {RegenMP rElec rPois Will+
                  | Int-5}
  1467 | D:2      | Found a shimmering altar of Xom.
  1518 | D:2      | Found Vuamm's General Store.
  1527 | D:2      | Bought 3 scrolls of enchant weapon for 225 gold pieces
  1527 | D:2      | Bought 5 poisoned darts for 20 gold pieces
  1527 | D:2      | Bought a potion of berserk rage for 50 gold pieces
  1661 | D:2      | Reached skill level 4 in Axes
  1661 | D:2      | Reached skill level 1 in Throwing
  1814 | D:3      | Found a faded altar of an unknown god.
  2146 | D:3      | Reached XP level 5. HP: 41/47 MP: 4/4
  2841 | D:4      | Found a transporter.
  2841 | D:4      | Noticed Kranky's ghost (amateur GnWn)
  2944 | D:4      | Found a transporter.
  3039 | D:4      | Killed Kranky's ghost
  3040 | D:4      | Reached skill level 5 in Axes
  3040 | D:4      | Reached XP level 6. HP: 40/55 MP: 5/5
  3087 | D:5      | Entered Level 5 of the Dungeon
  3102 | D:5      | Found Bylic's Specific Store.
  3106 | D:5      | Found Naef Ace's General Store.
  3112 | D:5      | Bought 3 scrolls of enchant armour for 315 gold pieces
  3112 | D:5      | Bought a scroll of magic mapping for 105 gold pieces
  3152 | D:5      | Reached skill level 5 in Shields
  3163 | D:5      | Reached skill level 5 in Fighting
  3166 | D:5      | Reached skill level 5 in Armour
  3341 | D:5      | Noticed a water moccasin
  3347 | D:5      | Killed a water moccasin
  3348 | D:5      | Reached skill level 6 in Axes
  3348 | D:5      | Reached XP level 7. HP: 56/61 MP: 6/6
  3402 | D:5      | Found a radiant altar of Vehumet.
  3792 | D:6      | Found a hazy altar of Hepliaklqana.
  4183 | D:6      | Noticed a troll
  4187 | D:6      | Killed a troll
  4188 | D:6      | Reached skill level 7 in Axes
  4188 | D:6      | Reached XP level 8. HP: 62/70 MP: 7/7
  4603 | D:6      | Found a runed translucent gate.
  4603 | D:6      | Found a runed translucent gate.
  4604 | D:6      | Found a runed translucent gate.
  4606 | D:6      | Noticed Horez's ghost (novice DrBe)
  4630 | D:6      | Killed Horez's ghost
  4631 | D:6      | Reached skill level 8 in Axes
  5003 | D:6      | Reached XP level 9. HP: 75/78 MP: 8/8
  5281 | D:7      | Identified the +2 long sword "Widowermaker" {vorpal, rN+
                  | Str+3}
  5285 | D:7      | Found Zauzocer's Jewellery Emporium.
  5473 | D:7      | Reached skill level 9 in Axes
  5908 | D:7      | Found the +0 staff of Battle
  6027 | D:7      | Found a staircase to the Ecumenical Temple.
  6069 | Temple   | Entered the Ecumenical Temple
  6075 | Temple   | Became a worshipper of Warmaster Okawaru
  6121 | D:8      | Found Zilis's Magic Scroll Shoppe.
  6317 | D:8      | Noticed Joseph
  6325 | D:8      | Killed Joseph
  6326 | D:8      | Reached skill level 5 in Throwing
  6326 | D:8      | Reached skill level 1 in Invocations
  6332 | D:8      | Reached * piety under Okawaru
  6478 | D:8      | Noticed a cyclops
  6479 | D:8      | Noticed a two-headed ogre
  6484 | D:8      | Killed a cyclops
  6484 | D:8      | Reached ** piety under Okawaru
  6485 | D:8      | Reached skill level 10 in Axes
  6596 | D:8      | Found a snail-covered altar of Cheibriados.
  6666 | D:8      | Noticed Pikel
  6675 | D:8      | Killed Pikel
  6676 | D:8      | Reached XP level 10. HP: 76/88 MP: 10/10
  6865 | D:8      | Noticed Erica
  6876 | D:8      | Killed Erica
  7070 | D:8      | Found a glowing silver altar of Zin.
  7085 | D:8      | Reached *** piety under Okawaru
  7175 | D:8      | Noticed Gastronok
  7182 | D:8      | Killed Gastronok
  7182 | D:8      | Reached **** piety under Okawaru
  7183 | D:8      | Reached skill level 11 in Axes
  7724 | D:9      | Noticed Psyche
  7728 | D:9      | Killed Psyche
  7916 | D:9      | Noticed a two-headed ogre
  7919 | D:9      | Killed a two-headed ogre
  8128 | D:9      | Noticed Prince Ribbit
  8133 | D:9      | Killed Prince Ribbit
  8133 | D:9      | Reached ***** piety under Okawaru
  8405 | D:9      | Received a gift from Okawaru
  8576 | D:9      | Reached XP level 11. HP: 88/95 MP: 13/13
  8841 | D:9      | Found a basalt altar of Yredelemnul.
  9165 | D:10     | Entered Level 10 of the Dungeon
  9191 | D:10     | Received a gift from Okawaru
  9289 | D:10     | Found a staircase to the Orcish Mines.
  9346 | D:10     | Found a blossoming altar of Fedhas.
  9447 | D:10     | Found a staircase to the Lair.
  9463 | D:10     | Noticed Maggie
  9467 | D:10     | Killed Maggie
  9473 | D:10     | Reached skill level 12 in Axes
  9650 | D:10     | Noticed Grum
  9659 | D:10     | Killed Grum
  9791 | D:10     | Received a gift from Okawaru
 10109 | D:10     | Found a burning altar of Makhleb.
 10215 | D:10     | Received a gift from Okawaru
 10540 | D:10     | Reached skill level 5 in Invocations
 10696 | Orc:1    | Entered Level 1 of the Orcish Mines
 10696 | Orc:1    | Noticed Snorg
 10696 | Orc:1    | Found Fuor Qua's Magic Scroll Shoppe.
 10697 | Orc:1    | Noticed Fannar
 10710 | Orc:1    | Killed Snorg
 10714 | Orc:1    | Killed Fannar
 10716 | Orc:1    | Noticed an orc sorcerer
 10716 | Orc:1    | Noticed a two-headed ogre
 10722 | Orc:1    | Reached skill level 13 in Axes
 10725 | Orc:1    | Noticed a sun demon
 10727 | Orc:1    | Killed a two-headed ogre
 10733 | Orc:1    | Killed an orc sorcerer
 10733 | Orc:1    | Received a gift from Okawaru
 10734 | Orc:1    | Reached skill level 10 in Shields
 10748 | Orc:1    | Found Ekutrual's Jewellery Boutique.
 10899 | Orc:1    | Reached XP level 12. HP: 58/106 MP: 15/15
 10904 | Orc:1    | Reached skill level 10 in Armour
 11208 | Orc:1    | Reached skill level 10 in Fighting
 11217 | Orc:1    | Bought a scroll of enchant weapon for 97 gold pieces
 11217 | Orc:1    | Bought a scroll of enchant weapon for 97 gold pieces
 11259 | Orc:1    | Found Ysoy's Weapon Shop.
 11360 | Orc:1    | Found a dark tunnel.
 11386 | Volcano  | Entered a volcano
 12095 | Volcano  | Noticed a centaur warrior
 12104 | Volcano  | Identified the +1 cloak of Boredom {rElec rC+} (Okawaru
                  | gifted it to you in a volcano)
 12104 | Volcano  | Received a gift from Okawaru
 12113 | Volcano  | Killed a centaur warrior
 12295 | Volcano  | Found a radiant altar of Vehumet.
 12355 | Volcano  | Found a radiant altar of Vehumet.
 12634 | Lair:1   | Entered Level 1 of the Lair of Beasts
 12920 | D:8      | Killed a two-headed ogre
 13266 | Lair:1   | Reached skill level 14 in Axes
 14303 | Lair:1   | Noticed an eight-headed hydra
 14311 | Lair:1   | Killed a four-headed hydra
 14479 | Lair:2   | Noticed Harold
 14487 | Lair:2   | Killed Harold
 14636 | Lair:2   | Noticed a four-headed hydra
 14647 | Lair:2   | Killed a one-headed hydra
 14707 | Lair:2   | Found a hole to the Spider Nest.
 14937 | Lair:2   | Identified the +0 chain mail "Nicigref" {rPois}
 14974 | Lair:2   | Identified the +0 pair of gloves of Fuisch {rElec Str-5
                  | Int+7 SInv}
 15028 | Lair:2   | Reached XP level 13. HP: 71/116 MP: 17/17
 15622 | Lair:2   | Identified the +3 mace "Cunoa" {venom, Will+ Stlth+}
 15897 | Lair:3   | Received a gift from Okawaru
 16091 | Lair:3   | Found a staircase to the Swamp.
 16105 | Lair:3   | Reached skill level 15 in Axes
 16707 | Lair:3   | Reached ****** piety under Okawaru
 17171 | Lair:4   | Received a gift from Okawaru
 17458 | Lair:4   | Found a burning altar of Makhleb.
 17481 | Lair:4   | Identified the +3 war axe of Dung {spect, rF+++ rC- Str+8}
                  | (Okawaru gifted it to you on level 4 of the Lair of Beasts)
 17481 | Lair:4   | Received a gift from Okawaru
 17905 | Lair:4   | Found a runed translucent gate.
 17906 | Lair:4   | Acquired a manual of Shields
 17908 | Lair:4   | Acquired a manual of Axes
 17910 | Lair:4   | Acquired the +4 plate armour of the Monkey {rPois rF+}
 17935 | Lair:4   | Found a runed translucent gate.
 17936 | Lair:4   | Found a runed translucent gate.
 17936 | Lair:4   | Noticed Veeshiej's ghost (journeyman MiFi)
 17977 | Lair:4   | Killed Veeshiej's ghost
 18138 | Lair:4   | Reached skill level 16 in Axes
 18138 | Lair:4   | Identified the +6 hand axe of Extremism {vorpal, Str+5}
                  | (Okawaru gifted it to you on level 4 of the Lair of Beasts)
 18138 | Lair:4   | Received a gift from Okawaru
 18412 | Lair:4   | Found a viscous altar of Jiyva.
 18419 | Lair:5   | Entered Level 5 of the Lair of Beasts
 18660 | Lair:4   | HP: 2/117 [komodo dragon (19)]
 18961 | Lair:5   | Paralysed by a hornet for 2 turns
 19050 | Lair:5   | Reached XP level 14. HP: 90/126 MP: 19/19
 19560 | Lair:5   | Identified the +0 plate armour of a ziggurat {rC+ SInv}
                  | (Okawaru gifted it to you on level 5 of the Lair of Beasts)
 19560 | Lair:5   | Received a gift from Okawaru
 19561 | Lair:5   | Reached skill level 17 in Axes
 20494 | Lair:5   | Reached skill level 10 in Throwing
 20911 | Lair:5   | Reached skill level 18 in Axes
 21965 | D:7      | Bought the amulet "Ylussoc" {Reflect MP+9 Dex-5 Slay+5
                  | SH+5} for 929 gold pieces
 23309 | D:12     | Found a runed translucent gate.
 23309 | D:12     | Noticed a rockslime
 23310 | D:12     | Found a runed translucent gate.
 23310 | D:12     | Noticed an azure jelly
 23311 | D:12     | Noticed Hacinufale's ghost (journeyman TrTm)
 23311 | D:12     | Noticed an azure jelly
 23311 | D:12     | Noticed an acid blob
 23312 | D:12     | Noticed an acid blob
 23312 | D:12     | Found a runed translucent gate.
 23312 | D:12     | Noticed an acid blob
 23312 | D:12     | Noticed an acid blob
 23312 | D:12     | Noticed an azure jelly
 23312 | D:12     | Noticed an acid blob
 23313 | D:12     | Noticed an azure jelly
 23737 | D:12     | Found a viscous altar of Jiyva.
 23966 | D:13     | Received a gift from Okawaru
 24408 | D:13     | Noticed Azrael
 24422 | D:13     | Killed Azrael
 24483 | D:13     | Reached skill level 15 in Shields
 24483 | D:13     | Reached XP level 15. HP: 49/136 MP: 21/21
 24936 | D:13     | Noticed Rupert
 24950 | D:13     | Killed Rupert
 25231 | D:13     | Noticed Maurice
 25236 | D:13     | Killed Maurice
 25383 | D:14     | Found a gate to the Vaults.
 25389 | D:14     | Reached skill level 10 in Invocations
 25400 | D:14     | Received a gift from Okawaru
 25431 | D:14     | Noticed Kirke
 25446 | D:14     | Mangled by a boulder beetle

Illustrated notes

Levels and vault maps discovered:
D:1:      sevenhm_arrival_forest_fort_large_4, layout_basic,
          nrook_loot_triangle, minmay_lizard_pond
D:2:      layout_loops_ring, basic_altar, serial_shops,
          nicolae_shop_temple_entry_statues_fountains
D:3:      layout_basic, ebering_ecumenical_altar_webs, serial_forest,
          infiniplex_forest_lined_corner, infiniplex_forest_lined_1,
          infiniplex_forest_lined_1, infiniplex_forest_clump_small,
          infiniplex_forest_lined_room_3, infiniplex_forest_straight_1,
          infiniplex_forest_lined_room_2, infiniplex_forest_straight_4
D:4:      layout_cave_pools, gammafunk_ghost_arena
D:5:      layout_loops_ring, mainiacjoe_overflow_catwalk, nicolae_specific_store
D:6:      lemuel_ratsnest, layout_rooms, mainiacjoe_overflow_boulevard,
          ebering_ghost_rock_garden, hangedman_abyss_or_decor_stagger,
          serial_park_tiny_1
D:7:      layout_loops_cross, nicolae_overflow_hidden_temple,
          minmay_temple_entry_mist, serial_shops, kennysheep_little_box,
          hangedman_abyss_or_decor_stabs, minmay_misc_feat_iff
D:8:      layout_basic, mainiacjoe_overflow_alcove_4, lemuel_doored_altar,
          serial_shops, shop_fountains, minmay_crystal_water,
          kennysheep_island_fort, uniq_pikel, uniq_joseph, uniq_erica,
          uniq_gastronok
D:9:      layout_stronghold, lemuel_zombie_altar_yredelemnul, uniq_psyche,
          uniq_prince_ribbit1
D:10:     layout_grid_maze, lightli_temple_of_fire, fedhas_ov_isle_minmay,
          dpeg_oklobed_lair, chequers_serial_rivers_micro_e, uniq_grum,
          uniq_maggie
D:11:     layout_irregular_city
D:12:     layout_loops_ring, gammafunk_ghost_ooze,
          hangedman_decor_clover_reticule
D:13:     layout_loops_ring, uniq_rupert, uniq_maurice, uniq_azrael
D:14:     layout_roguey, skrybe_vaults_entry_preservation, serial_bayou_pond_e,
          grunt_ministairs_8, uniq_kirke, uniq_louise
Temple:   eino_narrow_crystal_temple
Lair:1:   layout_long_grid
Lair:2:   layout_loops_ring, nicolae_spider_entry_non_spiders,
          serial_bayou_pond_a, uniq_harold
Lair:3:   layout_small_grid, minmay_swamp_entry_reptiles, grunt_megastairs_1
Lair:4:   layout_gridlike, minmay_slime_entry_oklob_open, basic_altar,
          gammafunk_ghost_split, beast_lair_carwin_2
Lair:5:   guppyfry_lair_end_dragon, layout_gridlike,
          hangedman_lair_tendril_chambers
Orc:1:    layout_caves, nicolae_volcano_entry_vermiform, serial_shops,
          shop_fountains, nicolae_shop_hallway_plus, shop, uniq_snorg,
          uniq_fannar

Skill      XL: |  1  2  3  4  5  6  7  8  9 10 11 12 13 14 15 |
---------------+----------------------------------------------+-----
Axes           | 3 4 5 6 7 8 10 11 13 14 16 18 | 18.0
Armour         | 4 5 6 7 8 9 11 12 13 14 | 14.0
Shields        | 4 5 6 7 8 10 11 12 15 16 | 16.0
Fighting       | 4 5 6 7 8 9 11 12 13 14 | 14.1
Throwing       | 1 2 3 4 5 6 7 8 9 10 | 10.0
Invocations    | 2 4 5 6 8 9 10 | 10.3

Action                   |  1- 3 |  4- 6 |  7- 9 | 10-12 | 13-15 || total
-------------------------+-------+-------+-------+-------+-------++-------
Melee: War axe           |    49 |       |       |       |       ||    49
       Headbutt          |     5 |     4 |    24 |    70 |   150 ||   253
       Broad axe         |       |    91 |   179 |   292 |   665 ||  1227
Throw: Dart              |       |     1 |       |     3 |       ||     4
       Boomerang         |       |       |       |       |    10 ||    10
Invok: Heroism           |       |       |       |     2 |     6 ||     8
       Finesse           |       |       |       |     2 |     6 ||     8
Evoke: Wand              |       |       |       |     3 |       ||     3
  Use: Scroll            |     1 |    11 |    16 |     8 |    11 ||    47
       Potion            |     1 |       |       |       |     3 ||     4
 Stab: Distracted        |       |       |       |     2 |       ||     2
Armor: Scale mail        |    35 |    16 |       |       |       ||    51
       Chain mail        |       |    31 |   101 |    94 |   101 ||   327
       Plate armour      |       |       |       |   124 |   407 ||   531
Dodge: Dodged            |    28 |    52 |    67 |    83 |   158 ||   388
Block: Buckler           |    18 |    22 |    43 |       |       ||    83
       Kite shield       |       |       |    33 |   197 |   572 ||   802
       Reflection        |       |       |       |       |    25 ||    25
